Workbook

Sheet 1110022301-noSymbol (3)
A1: Household spending by household income quintile, Canada, regions and provinces c 1 2 3 4 5 6 7
A2: Frequency: Annual
A3: Table: 11-10-0223-01 (formerly CANSIM 203-0022)
A4: Release date: 2023-10-18
A5: Geography: Canada, Geographical region of Canada, Province or territory
B9: Statistic | C9: Average expenditure per household
B10: Before-tax household income quintile | C10: All quintiles | O10: Lowest quintile | AA10: Second quintile | AM10: Third quintile | AY10: Fourth quintile | BK10: Highest quintile
A11: Geography | B11: Household expenditures, summary-level categories | C11: 2010 | D11: 2011 | E11: 2012 | F11: 2013 | G11: 2014 | H11: 2015 | I11: 2016 | J11: 2017 | K11: 2018 | L11: 2019 | M11: 2020 | N11: 2021 | O11: 2010 | P11: 2011 | Q11: 2012 | R11: 2013 | S11: 2014 | T11: 2015 | U11: 2016 | V11: 2017 | W11: 2018 | X11: 2019 | Y11: 2020 | Z11: 2021 | AA11: 2010 | AB11: 2011 | AC11: 2012 | AD11: 2013 | AE11: 2014 | AF11: 2015 | AG11: 2016 | AH11: 2017 | AI11: 2018 | AJ11: 2019 | AK11: 2020 | AL11: 2021 | AM11: 2010 | AN11: 2011 | AO11: 2012 | AP11: 2013 | AQ11: 2014 | AR11: 2015 | AS11: 2016 | AT11: 2017 | AU11: 2018 | AV11: 2019 | AW11: 2020 | AX11: 2021 | AY11: 2010 | AZ11: 2011 | BA11: 2012 | BB11: 2013 | BC11: 2014 | BD11: 2015 | BE11: 2016 | BF11: 2017 | BG11: 2018 | BH11: 2019 | BI11: 2020 | BJ11: 2021 | BK11: 2010 | BL11: 2011 | BM11: 2012 | BN11: 2013 | BO11: 2014 | BP11: 2015 | BQ11: 2016 | BR11: 2017 | BS11: 2018 | BT11: 2019 | BU11: 2020 | BV11: 2021
A12: Canada 8 | C12: Dollars
B13: Total expenditure | C13: 72075 | D13: 73646 | E13: 75695 | F13: 79098 | G13: 80727 | H13: 82697 | I13: 84489 | J13: 86479 | K13: .. | L13: 93724 | M13: .. | N13: 92500 | O13: 29151 | P13: 29214 | Q13: 30028 | R13: 31410 | S13: 31974 | T13: 33705 | U13: 32566 | V13: 35113 | W13: .. | X13: 37534 | Y13: .. | Z13: 38443 | AA13: 43247 | AB13: 45235 | AC13: 43850 | AD13: 47965 | AE13: 47295 | AF13: 49750 | AG13: 49771 | AH13: 53000 | AI13: .. | AJ13: 55487 | AK13: .. | AL13: 54569 | AM13: 61674 | AN13: 63032 | AO13: 63756 | AP13: 66546 | AQ13: 67829 | AR13: 68893 | AS13: 72770 | AT13: 73637 | AU13: .. | AV13: 79357 | AW13: .. | AX13: 77612 | AY13: 83109 | AZ13: 86821 | BA13: 88186 | BB13: 92886 | BC13: 94726 | BD13: 96493 | BE13: 98026 | BF13: 100560 | BG13: .. | BH13: 110542 | BI13: .. | BJ13: 109108 | BK13: 142898 | BL13: 143908 | BM13: 152452 | BN13: 156323 | BO13: 161771 | BP13: 164599 | BQ13: 169247 | BR13: 170010 | BS13: .. | BT13: 185422 | BU13: .. | BV13: 182410
B14: Total current consumption | C14: 54013 | D14: 55227 | E14: 56330 | F14: 58576 | G14: 59055 | H14: 60516 | I14: 62183 | J14: 63944 | K14: .. | L14: 68980 | M14: .. | N14: 67126 | O14: 27715 | P14: 27696 | Q14: 28595 | R14: 29824 | S14: 30341 | T14: 31887 | U14: 30985 | V14: 33285 | W14: .. | X14: 35512 | Y14: .. | Z14: 36376 | AA14: 38413 | AB14: 40119 | AC14: 38809 | AD14: 42105 | AE14: 41069 | AF14: 43308 | AG14: 43218 | AH14: 46094 | AI14: .. | AJ14: 47960 | AK14: .. | AL14: 47073 | AM14: 50638 | AN14: 51801 | AO14: 51983 | AP14: 53988 | AQ14: 54335 | AR14: 55251 | AS14: 58460 | AT14: 59678 | AU14: .. | AV14: 63713 | AW14: .. | AX14: 61785 | AY14: 63114 | AZ14: 65516 | BA14: 66462 | BB14: 69165 | BC14: 70383 | BD14: 71212 | BE14: 72916 | BF14: 73954 | BG14: .. | BH14: 81731 | BI14: .. | BJ14: 80332 | BK14: 89942 | BL14: 91016 | BM14: 95622 | BN14: 97483 | BO14: 99138 | BP14: 100902 | BQ14: 105288 | BR14: 106656 | BS14: .. | BT14: 115757 | BU14: .. | BV14: 109752
B15: Food purchased from stores | C15: 5709 | D15: 5573 | E15: 5564 | F15: 5718 | G15: 5880 | H15: 6126 | I15: 6176 | J15: 6364 | K15: .. | L15: 7536 | M15: .. | N15: 8065 | O15: 3466 | P15: 3174 | Q15: 3244 | R15: 3360 | S15: 3457 | T15: 3676 | U15: 3500 | V15: 3650 | W15: .. | X15: 4363 | Y15: .. | Z15: 4929 | AA15: 4744 | AB15: 4699 | AC15: 4574 | AD15: 4700 | AE15: 4635 | AF15: 4932 | AG15: 4922 | AH15: 5150 | AI15: .. | AJ15: 5848 | AK15: .. | AL15: 6121 | AM15: 5455 | AN15: 5422 | AO15: 5387 | AP15: 5646 | AQ15: 5967 | AR15: 5986 | AS15: 5961 | AT15: 6620 | AU15: .. | AV15: 7505 | AW15: .. | AX15: 7481 | AY15: 6688 | AZ15: 6598 | BA15: 6392 | BB15: 6731 | BC15: 6976 | BD15: 7134 | BE15: 7589 | BF15: 7369 | BG15: .. | BH15: 9090 | BI15: .. | BJ15: 9696 | BK15: 8141 | BL15: 7976 | BM15: 8169 | BN15: 8079 | BO15: 8369 | BP15: 8900 | BQ15: 8903 | BR15: 9025 | BS15: .. | BT15: 10805 | BU15: .. | BV15: 11999
B16: Food purchased from restaurants | C16: 2141 | D16: 2218 | E16: 2195 | F16: 2216 | G16: 2229 | H16: 2502 | I16: 2608 | J16: 2604 | K16: .. | L16: 2775 | M16: .. | N16: 2189 | O16: 967 | P16: 970 | Q16: 1044 | R16: 932 | S16: 858 | T16: 1307 | U16: 1235 | V16: 1331 | W16: .. | X16: 1197 | Y16: .. | Z16: 1187 | AA16: 1390 | AB16: 1669 | AC16: 1428 | AD16: 1599 | AE16: 1469 | AF16: 1756 | AG16: 1610 | AH16: 1500 | AI16: .. | AJ16: 1910 | AK16: .. | AL16: 1478 | AM16: 1896 | AN16: 2113 | AO16: 1844 | AP16: 1915 | AQ16: 2113 | AR16: 2060 | AS16: 2456 | AT16: 2334 | AU16: .. | AV16: 2372 | AW16: .. | AX16: 2023 | AY16: 2556 | AZ16: 2547 | BA16: 2519 | BB16: 2536 | BC16: 2732 | BD16: 3000 | BE16: 2880 | BF16: 2973 | BG16: .. | BH16: 3605 | BI16: .. | BJ16: 2625 | BK16: 3868 | BL16: 3802 | BM16: 4116 | BN16: 4056 | BO16: 3973 | BP16: 4394 | BQ16: 4852 | BR16: 4861 | BS16: .. | BT16: 4766 | BU16: .. | BV16: 3593
B17: Shelter | C17: 15020 | D17: 15215 | E17: 15807 | F17: 16361 | G17: 17160 | H17: 17509 | I17: 18032 | J17: 18640 | K17: .. | L17: 20200 | M17: .. | N17: 21106 | O17: 9223 | P17: 9186 | Q17: 9723 | R17: 9535 | S17: 10484 | T17: 10844 | U17: 10876 | V17: 11658 | W17: .. | X17: 12093 | Y17: .. | Z17: 12718 | AA17: 11252 | AB17: 11579 | AC17: 11716 | AD17: 12555 | AE17: 12504 | AF17: 13589 | AG17: 13274 | AH17: 14518 | AI17: .. | AJ17: 14484 | AK17: .. | AL17: 15009 | AM17: 14370 | AN17: 14168 | AO17: 14473 | AP17: 14821 | AQ17: 15384 | AR17: 16254 | AS17: 16532 | AT17: 16944 | AU17: .. | AV17: 18477 | AW17: .. | AX17: 19243 | AY17: 16979 | AZ17: 17525 | BA17: 18321 | BB17: 19015 | BC17: 19885 | BD17: 19988 | BE17: 20676 | BF17: 21120 | BG17: .. | BH17: 22915 | BI17: .. | BJ17: 25180 | BK17: 23261 | BL17: 23611 | BM17: 24800 | BN17: 25866 | BO17: 27539 | BP17: 26864 | BQ17: 28796 | BR17: 28957 | BS17: .. | BT17: 33013 | BU17: .. | BV17: 33367
B18: Principal accommodation | C18: 13586 | D18: 13981 | E18: 14364 | F18: 14891 | G18: 15471 | H18: 15802 | I18: 16293 | J18: 16811 | K18: .. | L18: 18371 | M18: .. | N18: 19582 | O18: 8742 | P18: 8902 | Q18: 9155 | R18: 9307 | S18: 9899 | T18: 10260 | U18: 10477 | V18: 11047 | W18: .. | X18: 11611 | Y18: .. | Z18: 12384 | AA18: 10621 | AB18: 11073 | AC18: 11122 | AD18: 11656 | AE18: 11861 | AF18: 12868 | AG18: 12481 | AH18: 13609 | AI18: .. | AJ18: 13591 | AK18: .. | AL18: 14454 | AM18: 13194 | AN18: 13335 | AO18: 13575 | AP18: 13887 | AQ18: 14161 | AR18: 14980 | AS18: 15231 | AT18: 15904 | AU18: .. | AV18: 17096 | AW18: .. | AX18: 18082 | AY18: 15794 | AZ18: 16095 | BA18: 16813 | BB18: 17304 | BC18: 18062 | BD18: 18176 | BE18: 18735 | BF18: 19225 | BG18: .. | BH18: 20704 | BI18: .. | BJ18: 23195 | BK18: 19570 | BL18: 20495 | BM18: 21151 | BN18: 22290 | BO18: 23368 | BP18: 22721 | BQ18: 24537 | BR18: 24268 | BS18: .. | BT18: 28837 | BU18: .. | BV18: 29787
B19: Rented living quarters | C19: 3088 | D19: 3224 | E19: 3521 | F19: 3234 | G19: 3589 | H19: 3790 | I19: 3868 | J19: 4038 | K19: .. | L19: 4160 | M19: .. | N19: 4145 | O19: 4818 | P19: 4924 | Q19: 5432 | R19: 5331 | S19: 5536 | T19: 5966 | U19: 6428 | V19: 6332 | W19: .. | X19: 6373 | Y19: .. | Z19: 6053 | AA19: 4142 | AB19: 4308 | AC19: 4534 | AD19: 4296 | AE19: 4741 | AF19: 4875 | AG19: 5100 | AH19: 5304 | AI19: .. | AJ19: 5582 | AK19: .. | AL19: 5587 | AM19: 3069 | AN19: 3392 | AO19: 3931 | AP19: 3435 | AQ19: 3650 | AR19: 4112 | AS19: 3880 | AT19: 4234 | AU19: .. | AV19: 4417 | AW19: .. | AX19: 4710 | AY19: 2102 | AZ19: 2136 | BA19: 2339 | BB19: 1929 | BC19: 2424 | BD19: 2603 | BE19: 2573 | BF19: 2840 | BG19: .. | BH19: 3183 | BI19: .. | BJ19: 2889 | BK19: 1310 | BL19: 1362 | BM19: 1370 | BN19: 1183 | BO19: 1594 | BP19: 1393 | BQ19: 1359 | BR19: 1485 | BS19: .. | BT19: 1248 | BU19: .. | BV19: 1490
B20: Owned living quarters | C20: 8259 | D20: 8434 | E20: 8536 | F20: 9278 | G20: 9332 | H20: 9534 | I20: 9965 | J20: 10287 | K20: .. | L20: 11676 | M20: .. | N20: 12700 | O20: 2693 | P20: 2658 | Q20: 2524 | R20: 2728 | S20: 2987 | T20: 2964 | U20: 2757 | V20: 3427 | W20: .. | X20: 3885 | Y20: .. | Z20: 4768 | AA20: 4717 | AB20: 4932 | AC20: 4810 | AD20: 5457 | AE20: 5125 | AF20: 6037 | AG20: 5457 | AH20: 6310 | AI20: .. | AJ20: 6014 | AK20: .. | AL20: 6674 | AM20: 7903 | AN20: 7667 | AO20: 7434 | AP20: 8092 | AQ20: 7995 | AR20: 8384 | AS20: 8969 | AT20: 9193 | AU20: .. | AV20: 10156 | AW20: .. | AX20: 10774 | AY20: 11055 | AZ20: 11279 | BA20: 11691 | BB20: 12546 | BC20: 12696 | BD20: 12647 | BE20: 13178 | BF20: 13452 | BG20: .. | BH20: 14562 | BI20: .. | BJ20: 17080 | BK20: 14915 | BL20: 15626 | BM20: 16219 | BN20: 17550 | BO20: 17851 | BP20: 17632 | BQ20: 19460 | BR20: 19047 | BS20: .. | BT20: 23746 | BU20: .. | BV20: 24192
B21: Water, fuel and electricity for principal accommodation | C21: 2240 | D21: 2324 | E21: 2307 | F21: 2380 | G21: 2551 | H21: 2478 | I21: 2460 | J21: 2486 | K21: .. | L21: 2535 | M21: .. | N21: 2737 | O21: 1232 | P21: 1320 | Q21: 1199 | R21: 1248 | S21: 1377 | T21: 1329 | U21: 1291 | V21: 1288 | W21: .. | X21: 1354 | Y21: .. | Z21: 1563 | AA21: 1762 | AB21: 1834 | AC21: 1778 | AD21: 1903 | AE21: 1995 | AF21: 1957 | AG21: 1924 | AH21: 1995 | AI21: .. | AJ21: 1994 | AK21: .. | AL21: 2193 | AM21: 2222 | AN21: 2277 | AO21: 2211 | AP21: 2360 | AQ21: 2516 | AR21: 2484 | AS21: 2383 | AT21: 2478 | AU21: .. | AV21: 2524 | AW21: .. | AX21: 2597 | AY21: 2637 | AZ21: 2679 | BA21: 2783 | BB21: 2829 | BC21: 2942 | BD21: 2926 | BE21: 2984 | BF21: 2933 | BG21: .. | BH21: 2959 | BI21: .. | BJ21: 3226 | BK21: 3346 | BL21: 3507 | BM21: 3562 | BN21: 3557 | BO21: 3922 | BP21: 3696 | BQ21: 3718 | BR21: 3735 | BS21: .. | BT21: 3843 | BU21: .. | BV21: 4105
B22: Other accommodation | C22: 1433 | D22: 1234 | E22: 1444 | F22: 1470 | G22: 1689 | H22: 1707 | I22: 1739 | J22: 1829 | K22: .. | L22: 1829 | M22: .. | N22: 1523 | O22: 480 | P22: 283 | Q22: 568 | R22: 229 | S22: F | T22: 584 | U22: 399 | V22: 611 | W22: .. | X22: 481 | Y22: .. | Z22: 334 | AA22: 631 | AB22: 505 | AC22: 593 | AD22: 899 | AE22: 643 | AF22: 721 | AG22: 793 | AH22: 909 | AI22: .. | AJ22: 893 | AK22: .. | AL22: 555 | AM22: 1176 | AN22: 833 | AO22: 897 | AP22: 934 | AQ22: 1224 | AR22: 1274 | AS22: 1301 | AT22: 1039 | AU22: .. | AV22: 1381 | AW22: .. | AX22: 1161 | AY22: 1185 | AZ22: 1430 | BA22: 1508 | BB22: 1711 | BC22: 1822 | BD22: 1812 | BE22: 1941 | BF22: 1895 | BG22: .. | BH22: 2211 | BI22: .. | BJ22: 1985 | BK22: 3691 | BL22: 3116 | BM22: 3649 | BN22: 3576 | BO22: 4171 | BP22: 4143 | BQ22: 4259 | BR22: 4690 | BS22: .. | BT22: 4176 | BU22: .. | BV22: 3580
B23: Communications | C23: 1742 | D23: 1824 | E23: 1851 | F23: 1997 | G23: 2096 | H23: 2187 | I23: 2246 | J23: 2404 | K23: .. | L23: 2670 | M23: .. | N23: 3001 | O23: 1079 | P23: 1112 | Q23: 1148 | R23: 1249 | S23: 1304 | T23: 1317 | U23: 1356 | V23: 1450 | W23: .. | X23: 1603 | Y23: .. | Z23: 1864 | AA23: 1411 | AB23: 1528 | AC23: 1510 | AD23: 1610 | AE23: 1713 | AF23: 1743 | AG23: 1799 | AH23: 1932 | AI23: .. | AJ23: 2119 | AK23: .. | AL23: 2402 | AM23: 1739 | AN23: 1859 | AO23: 1883 | AP23: 1984 | AQ23: 2063 | AR23: 2187 | AS23: 2316 | AT23: 2462 | AU23: .. | AV23: 2648 | AW23: .. | AX23: 3027 | AY23: 1999 | AZ23: 2091 | BA23: 2126 | BB23: 2283 | BC23: 2475 | BD23: 2568 | BE23: 2589 | BF23: 2783 | BG23: .. | BH23: 3162 | BI23: .. | BJ23: 3472 | BK23: 2480 | BL23: 2529 | BM23: 2587 | BN23: 2855 | BO23: 2927 | BP23: 3121 | BQ23: 3171 | BR23: 3393 | BS23: .. | BT23: 3816 | BU23: .. | BV23: 4240
B24: Household furnishings | C24: 896 | D24: 861 | E24: 978 | F24: 854 | G24: 925 | H24: 947 | I24: 935 | J24: 973 | K24: .. | L24: 1124 | M24: .. | N24: 1591 | O24: 366 | P24: 320 | Q24: 436 | R24: 360 | S24: 517 | T24: 424 | U24: 411 | V24: 487 | W24: .. | X24: 540 | Y24: .. | Z24: 659 | AA24: 526 | AB24: 617 | AC24: 647 | AD24: 585 | AE24: 564 | AF24: 689 | AG24: 552 | AH24: 614 | AI24: .. | AJ24: 706 | AK24: .. | AL24: 1035 | AM24: 898 | AN24: 746 | AO24: 865 | AP24: 784 | AQ24: 882 | AR24: 861 | AS24: 912 | AT24: 882 | AU24: .. | AV24: 966 | AW24: .. | AX24: 1210 | AY24: 932 | AZ24: 974 | BA24: 1190 | BB24: 904 | BC24: 974 | BD24: 1095 | BE24: 1072 | BF24: 991 | BG24: .. | BH24: 1468 | BI24: .. | BJ24: 1716 | BK24: 1753 | BL24: 1649 | BM24: 1749 | BN24: 1631 | BO24: 1686 | BP24: 1662 | BQ24: 1727 | BR24: 1889 | BS24: .. | BT24: 1935 | BU24: .. | BV24: 3312
B25: Household equipment | C25: 944 | D25: 1039 | E25: 1055 | F25: 986 | G25: 1015 | H25: 1088 | I25: 1218 | J25: 1140 | K25: .. | L25: 1218 | M25: .. | N25: 1727 | O25: 371 | P25: 426 | Q25: 410 | R25: 397 | S25: 475 | T25: 389 | U25: 419 | V25: 435 | W25: .. | X25: 482 | Y25: .. | Z25: 960 | AA25: 634 | AB25: 770 | AC25: 808 | AD25: 629 | AE25: 579 | AF25: 792 | AG25: 784 | AH25: 831 | AI25: .. | AJ25: 792 | AK25: .. | AL25: 1047 | AM25: 940 | AN25: 908 | AO25: 885 | AP25: 1051 | AQ25: 945 | AR25: 1100 | AS25: 1244 | AT25: 1203 | AU25: .. | AV25: 1256 | AW25: .. | AX25: 1346 | AY25: 1029 | AZ25: 1269 | BA25: 1355 | BB25: 1233 | BC25: 1344 | BD25: 1294 | BE25: 1237 | BF25: 1229 | BG25: .. | BH25: 1502 | BI25: .. | BJ25: 2168 | BK25: 1735 | BL25: 1825 | BM25: 1811 | BN25: 1608 | BO25: 1735 | BP25: 1865 | BQ25: 2400 | BR25: 2001 | BS25: .. | BT25: 2045 | BU25: .. | BV25: 3103
B26: Household appliances | C26: 415 | D26: 448 | E26: 485 | F26: 450 | G26: 461 | H26: 465 | I26: 537 | J26: 533 | K26: .. | L26: 582 | M26: .. | N26: 817 | O26: 192 | P26: 198 | Q26: 185 | R26: 177 | S26: 259 | T26: 168 | U26: 217 | V26: 241 | W26: .. | X26: 194 | Y26: .. | Z26: 340 | AA26: 303 | AB26: 370 | AC26: 436 | AD26: 295 | AE26: 277 | AF26: 336 | AG26: 364 | AH26: 356 | AI26: .. | AJ26: 381 | AK26: .. | AL26: 545 | AM26: 412 | AN26: 391 | AO26: 375 | AP26: 475 | AQ26: 390 | AR26: 501 | AS26: 577 | AT26: 509 | AU26: .. | AV26: 596 | AW26: .. | AX26: 648 | AY26: 436 | AZ26: 553 | BA26: 662 | BB26: 587 | BC26: 634 | BD26: 487 | BE26: 548 | BF26: 638 | BG26: .. | BH26: 715 | BI26: .. | BJ26: 1084 | BK26: 733 | BL26: 726 | BM26: 763 | BN26: 715 | BO26: 750 | BP26: 833 | BQ26: 978 | BR26: 920 | BS26: .. | BT26: 1021 | BU26: .. | BV26: 1466
B27: Private transportation | C27: 10097 | D27: 10193 | E27: 10076 | F27: 10832 | G27: 10717 | H27: 10538 | I27: 10660 | J27: 11436 | K27: .. | L27: 11258 | M27: .. | N27: 9501 | O27: 3843 | P27: 4007 | Q27: 3530 | R27: 4251 | S27: 4330 | T27: 4508 | U27: 3496 | V27: 4240 | W27: .. | X27: 4384 | Y27: .. | Z27: 4077 | AA27: 6844 | AB27: 6649 | AC27: 6206 | AD27: 6702 | AE27: 6717 | AF27: 6962 | AG27: 6722 | AH27: 7870 | AI27: .. | AJ27: 7018 | AK27: .. | AL27: 6337 | AM27: 9679 | AN27: 10188 | AO27: 10058 | AP27: 9932 | AQ27: 10177 | AR27: 9832 | AS27: 10906 | AT27: 11095 | AU27: .. | AV27: 11150 | AW27: .. | AX27: 8920 | AY27: 12671 | AZ27: 13054 | BA27: 12908 | BB27: 14162 | BC27: 13915 | BD27: 13065 | BE27: 13437 | BF27: 13953 | BG27: .. | BH27: 13874 | BI27: .. | BJ27: 11876 | BK27: 17398 | BL27: 17071 | BM27: 17645 | BN27: 19051 | BO27: 18440 | BP27: 18315 | BQ27: 18732 | BR27: 20016 | BS27: .. | BT27: 19820 | BU27: .. | BV27: 16263
B28: Public transportation | C28: 1060 | D28: 1069 | E28: 1126 | F28: 1212 | G28: 1175 | H28: 1224 | I28: 1249 | J28: 1285 | K28: .. | L28: 1479 | M28: .. | N28: 598 | O28: 629 | P28: 630 | Q28: 618 | R28: 715 | S28: 654 | T28: 689 | U28: 708 | V28: 732 | W28: .. | X28: 906 | Y28: .. | Z28: 372 | AA28: 778 | AB28: 757 | AC28: 773 | AD28: 824 | AE28: 806 | AF28: 790 | AG28: 842 | AH28: 838 | AI28: .. | AJ28: 932 | AK28: .. | AL28: 453 | AM28: 915 | AN28: 887 | AO28: 933 | AP28: 1084 | AQ28: 990 | AR28: 1061 | AS28: 1097 | AT28: 1117 | AU28: .. | AV28: 1191 | AW28: .. | AX28: 591 | AY28: 1098 | AZ28: 1129 | BA28: 1179 | BB28: 1169 | BC28: 1147 | BD28: 1389 | BE28: 1367 | BF28: 1373 | BG28: .. | BH28: 1800 | BI28: .. | BJ28: 646 | BK28: 1876 | BL28: 1938 | BM28: 2125 | BN28: 2266 | BO28: 2275 | BP28: 2188 | BQ28: 2230 | BR28: 2364 | BS28: .. | BT28: 2565 | BU28: .. | BV28: 927
B29: Direct health care costs to household | C29: 1655 | D29: 1580 | E29: 1594 | F29: 1730 | G29: 1558 | H29: 1643 | I29: 1824 | J29: 1799 | K29: .. | L29: 1918 | M29: .. | N29: 2059 | O29: 1168 | P29: 943 | Q29: 984 | R29: 1086 | S29: 1068 | T29: 1046 | U29: 1172 | V29: 1097 | W29: .. | X29: 1377 | Y29: .. | Z29: 1326 | AA29: 1507 | AB29: 1540 | AC29: 1397 | AD29: F | AE29: 1383 | AF29: 1490 | AG29: 1692 | AH29: 1546 | AI29: .. | AJ29: 1822 | AK29: .. | AL29: 1870 | AM29: 1579 | AN29: 1557 | AO29: 1605 | AP29: 1798 | AQ29: 1580 | AR29: 1688 | AS29: 1858 | AT29: 1877 | AU29: .. | AV29: 1815 | AW29: .. | AX29: 1936 | AY29: 1791 | AZ29: 1640 | BA29: 1777 | BB29: 1656 | BC29: 1698 | BD29: 1764 | BE29: 1980 | BF29: 2064 | BG29: .. | BH29: 1933 | BI29: .. | BJ29: 2272 | BK29: 2224 | BL29: 2220 | BM29: 2207 | BN29: 1883 | BO29: 2062 | BP29: 2227 | BQ29: 2415 | BR29: 2412 | BS29: .. | BT29: 2643 | BU29: .. | BV29: 2885
B30: Recreational equipment and related services | C30: 927 | D30: 862 | E30: 920 | F30: 981 | G30: 827 | H30: 954 | I30: 914 | J30: 980 | K30: .. | L30: 995 | M30: .. | N30: 1539 | O30: 425 | P30: 304 | Q30: 300 | R30: 326 | S30: 304 | T30: 410 | U30: 325 | V30: 348 | W30: .. | X30: 404 | Y30: .. | Z30: 681 | AA30: 542 | AB30: 528 | AC30: 542 | AD30: 584 | AE30: 510 | AF30: 497 | AG30: 507 | AH30: 482 | AI30: .. | AJ30: 546 | AK30: .. | AL30: 740 | AM30: 802 | AN30: 840 | AO30: 795 | AP30: 928 | AQ30: 730 | AR30: 820 | AS30: 714 | AT30: 934 | AU30: .. | AV30: 864 | AW30: .. | AX30: 1934 | AY30: 1136 | AZ30: 1084 | BA30: 1050 | BB30: 1241 | BC30: 939 | BD30: 1276 | BE30: 1253 | BF30: 1318 | BG30: .. | BH30: 1299 | BI30: .. | BJ30: 1698 | BK30: 1721 | BL30: 1556 | BM30: 1898 | BN30: 1813 | BO30: 1649 | BP30: 1769 | BQ30: 1771 | BR30: 1811 | BS30: .. | BT30: 1856 | BU30: .. | BV30: 2611
B31: Home entertainment equipment and services | C31: 486 | D31: 413 | E31: 334 | F31: 298 | G31: 253 | H31: 261 | I31: 200 | J31: 203 | K31: .. | L31: 209 | M31: .. | N31: 371 | O31: 234 | P31: 207 | Q31: 144 | R31: 139 | S31: 150 | T31: 130 | U31: 100 | V31: 101 | W31: .. | X31: 110 | Y31: .. | Z31: 153 | AA31: 312 | AB31: 293 | AC31: 249 | AD31: 211 | AE31: 212 | AF31: 181 | AG31: 105 | AH31: 146 | AI31: .. | AJ31: 182 | AK31: .. | AL31: 275 | AM31: 470 | AN31: 391 | AO31: 314 | AP31: 258 | AQ31: 242 | AR31: 248 | AS31: 186 | AT31: 175 | AU31: .. | AV31: 176 | AW31: .. | AX31: 392 | AY31: 567 | AZ31: 507 | BA31: 376 | BB31: 391 | BC31: 235 | BD31: 300 | BE31: 260 | BF31: 226 | BG31: .. | BH31: 229 | BI31: .. | BJ31: 437 | BK31: 843 | BL31: 665 | BM31: 583 | BN31: 489 | BO31: 428 | BP31: 444 | BQ31: 347 | BR31: 366 | BS31: .. | BT31: 350 | BU31: .. | BV31: 598
B32: Recreational services | C32: 1600 | D32: 1761 | E32: 1848 | F32: 1956 | G32: 2064 | H32: 2148 | I32: 2132 | J32: 2184 | K32: .. | L32: 2593 | M32: .. | N32: 1168 | O32: 703 | P32: 756 | Q32: 745 | R32: 729 | S32: 735 | T32: 816 | U32: 803 | V32: 834 | W32: .. | X32: 872 | Y32: .. | Z32: 636 | AA32: 978 | AB32: 1208 | AC32: 1126 | AD32: 1200 | AE32: 1356 | AF32: 1245 | AG32: 1301 | AH32: 1283 | AI32: .. | AJ32: 1521 | AK32: .. | AL32: 862 | AM32: 1438 | AN32: 1516 | AO32: 1536 | AP32: 1788 | AQ32: 1783 | AR32: 1670 | AS32: 1816 | AT32: 1747 | AU32: .. | AV32: 2164 | AW32: .. | AX32: 1047 | AY32: 1806 | AZ32: 2030 | BA32: 2223 | BB32: 2368 | BC32: 2417 | BD32: 2533 | BE32: 2597 | BF32: 2507 | BG32: .. | BH32: 2916 | BI32: .. | BJ32: 1315 | BK32: 3069 | BL32: 3297 | BM32: 3606 | BN32: 3684 | BO32: 4028 | BP32: 4476 | BQ32: 4140 | BR32: 4548 | BS32: .. | BT32: 5491 | BU32: .. | BV32: 1978
B33: Recreational vehicles and associated services | C33: 593 | D33: 689 | E33: 706 | F33: 695 | G33: 698 | H33: 618 | I33: 689 | J33: 613 | K33: .. | L33: 826 | M33: .. | N33: 1144 | O33: 53 | P33: 94 | Q33: 134 | R33: 213 | S33: 177 | T33: 145 | U33: 72 | V33: F | W33: .. | X33: 144 | Y33: .. | Z33: 257 | AA33: 213 | AB33: 301 | AC33: 241 | AD33: 229 | AE33: F | AF33: 334 | AG33: 287 | AH33: 338 | AI33: .. | AJ33: 419 | AK33: .. | AL33: 513 | AM33: 649 | AN33: 714 | AO33: 431 | AP33: 707 | AQ33: 484 | AR33: 455 | AS33: 547 | AT33: 480 | AU33: .. | AV33: 620 | AW33: .. | AX33: 1125 | AY33: 764 | AZ33: 962 | BA33: 911 | BB33: 990 | BC33: 890 | BD33: 739 | BE33: 941 | BF33: 798 | BG33: .. | BH33: 935 | BI33: .. | BJ33: 1572 | BK33: 1286 | BL33: 1376 | BM33: 1808 | BN33: 1331 | BO33: 1507 | BP33: 1418 | BQ33: 1599 | BR33: 1195 | BS33: .. | BT33: 2014 | BU33: .. | BV33: 2253
B34: Income taxes 9 | C34: 12393 | D34: 12545 | E34: 13240 | F34: 14038 | G34: 14867 | H34: 15334 | I34: 15310 | J34: 15144 | K34: .. | L34: 17167 | M34: .. | N34: 18181 | O34: 235 | P34: 354 | Q34: 323 | R34: 421 | S34: 422 | T34: 520 | U34: 462 | V34: 575 | W34: .. | X34: 702 | Y34: .. | Z34: 868 | AA34: 2203 | AB34: 2285 | AC34: 2333 | AD34: 2888 | AE34: 3025 | AF34: 3282 | AG34: 3236 | AH34: 3466 | AI34: .. | AJ34: 4020 | AK34: .. | AL34: 4410 | AM34: 6398 | AN34: 6419 | AO34: 6974 | AP34: 7394 | AQ34: 7888 | AR34: 8000 | AS34: 8448 | AT34: 8236 | AU34: .. | AV34: 9491 | AW34: .. | AX34: 10077 | AY34: 12760 | AZ34: 13329 | BA34: 13814 | BB34: 14718 | BC34: 15418 | BD34: 15927 | BE34: 15879 | BF34: 16878 | BG34: .. | BH34: 18450 | BI34: .. | BJ34: 19234 | BK34: 40328 | BL34: 40310 | BM34: 42739 | BN34: 44738 | BO34: 47557 | BP34: 48922 | BQ34: 48514 | BR34: 46549 | BS34: .. | BT34: 53133 | BU34: .. | BV34: 56279
B35: Personal insurance payments and pension contributions | C35: 4018 | D35: 4210 | E35: 4284 | F35: 4570 | G35: 4871 | H35: 4880 | I35: 5067 | J35: 5184 | K35: .. | L35: 5297 | M35: .. | N35: 5519 | O35: 440 | P35: 437 | Q35: 407 | R35: 450 | S35: 542 | T35: 518 | U35: 485 | V35: 514 | W35: .. | X35: 568 | Y35: .. | Z35: 534 | AA35: 1587 | AB35: 1591 | AC35: 1575 | AD35: 1826 | AE35: 1867 | AF35: 2027 | AG35: 1886 | AH35: 1963 | AI35: .. | AJ35: 2054 | AK35: .. | AL35: 2037 | AM35: 3308 | AN35: 3511 | AO35: 3392 | AP35: 3604 | AQ35: 3880 | AR35: 3893 | AS35: 4170 | AT35: 4034 | AU35: .. | AV35: 4300 | AW35: .. | AX35: 4319 | AY35: 5504 | AZ35: 6035 | BA35: 6130 | BB35: 6704 | BC35: 6780 | BD35: 7025 | BE35: 7066 | BF35: 7298 | BG35: .. | BH35: 7515 | BI35: .. | BJ35: 7810 | BK35: 9240 | BL35: 9473 | BM35: 9915 | BN35: 10258 | BO35: 11283 | BP35: 10932 | BQ35: 11725 | BR35: 12105 | BS35: .. | BT35: 12038 | BU35: .. | BV35: 12889
B36: Gifts of money, support payments and charitable contributions | C36: 1651 | D36: 1664 | E36: 1840 | F36: 1914 | G36: 1934 | H36: 1967 | I36: 1929 | J36: 2207 | K36: .. | L36: 2280 | M36: .. | N36: 1674 | O36: 761 | P36: 727 | Q36: 703 | R36: 716 | S36: 669 | T36: 781 | U36: 634 | V36: 738 | W36: .. | X36: 752 | Y36: .. | Z36: 666 | AA36: 1044 | AB36: 1239 | AC36: 1132 | AD36: 1146 | AE36: 1334 | AF36: 1133 | AG36: 1432 | AH36: 1477 | AI36: .. | AJ36: 1453 | AK36: .. | AL36: 1049 | AM36: 1330 | AN36: 1301 | AO36: 1407 | AP36: 1560 | AQ36: 1727 | AR36: 1750 | AS36: 1692 | AT36: 1689 | AU36: .. | AV36: 1854 | AW36: .. | AX36: 1430 | AY36: 1731 | AZ36: 1941 | BA36: 1781 | BB36: 2300 | BC36: 2145 | BD36: 2329 | BE36: 2165 | BF36: 2430 | BG36: .. | BH36: 2846 | BI36: .. | BJ36: 1733 | BK36: 3387 | BL36: 3109 | BM36: 4176 | BN36: 3844 | BO36: 3794 | BP36: 3843 | BQ36: 3719 | BR36: 4700 | BS36: .. | BT36: 4493 | BU36: .. | BV36: 3490
A38: Symbol legend:
A39: .. | B39: not available for a specific reference period
A40: F | B40: too unreliable to be published
A43: Table Corrections:
A44: Date | B44: Note
B45: On November 9, 2017, the data from 2014 were corrected for the series Makeup | C45: skin care | D45: manicure and fragrance products". As a result | E45: the data for the series "Personal care products" | F45: "Personal care" | G45: "Total current consumption" and "Total expenditure" may have also changed."
A49: Footnotes:
A50: 1 | B50: All households are ranked from lowest to highest according to the value of their before-tax income. The ranked population is then divided into five groups of equal numbers of units, called quintiles. Annual income boundaries are available upon request from Client Services.
A51: 2 | B51: For more information about survey methodology, data quality, variable definitions and data products, see the Survey of Household Spending User Guide (catalogue number 62F0026MIE) available free on the Statistics Canada website: <a href=https://www5.statcan.gc.ca/bsolc/olc-cel/olc-cel?catno=62F0026M&chropg=1&lang=eng">Household expenditures research papers series</a>."
A52: 3 | B52: For 2012, household expenditure data were also collected in the three territories. The data are available in table 11-10-0126-01 (formerly CANSIM table 203-0030). However, caution should be used when comparing provincial and territorial data since the collection method was different in the territories.
A53: 4 | B53: Starting with the 2017 reference year, the Survey of Household Spending (SHS) uses survey weights which take into account population projections from the 2016 Census. Estimates from SHS 2010 to 2016 are based on survey weights which take into account population projections from the 2011 Census.
A54: 5 | B54: To ensure data quality, suppression of expenditure estimates is based on the coefficient of variation (CV). Expenditures that have a CV greater than or equal to 35% are suppressed as they are too unreliable to be published.
A55: 6 | B55: Starting with the 2017 reference year, the Survey of Household Spending is conducted every two years.
A56: 7 | B56: The 2019 Survey of Household Spending questionnaire was streamlined to reduce respondent burden. As a result, some data series are no longer available or have been combined to create new series starting with reference year 2019. As well, estimates for some expenditure categories in 2019 may no longer be directly comparable to those from previous years due to changes to the questionnaire and/or to the mode used to collect certain expenditures. Additional information on the impact of these changes is available upon request.
A57: 8 | B57: Canada-level statistics include the 10 provinces only.
A58: 9 | B58: Starting in 2014, expenditure estimates for provincial health insurance premiums are included with income taxes. These estimates are calculated using information from personal income tax data (T1). Previously, provincial health insurance premiums were included with health care expenditures.
A62: How to cite: Statistics Canada. Table 11-10-0223-01 Household spending by household income quintile, Canada, regions and provinces
A63: https://www150.statcan.gc.ca/t1/tbl1/en/tv.action?pid=1110022301

Sheet Sheet1
A1: Household spending by household income quintile, Canada, regions and provinces c 1 2 3 4 5 6 7
A2: Frequency: Annual
A3: Table: 11-10-0223-01 (formerly CANSIM 203-0022)
A4: Release date: 2023-10-18
A5: Geography: Canada, Geographical region of Canada, Province or territory
B9: Statistic | C9: Average expenditure per household
B10: Before-tax household income quintile | C10: All quintiles | N10: Lowest quintile | Z10: Second quintile | AL10: Third quintile | AX10: Fourth quintile | BJ10: Highest quintile
A11: Geography | B11: Household expenditures, summary-level categories | C11: 2010 | D11: 2011 | E11: 2012 | F11: 2013 | G11: 2014 | H11: 2015 | I11: 2016 | J11: 2017 | K11: 2019 | L11: 2021 | N11: 2010 | O11: 2011 | P11: 2012 | Q11: 2013 | R11: 2014 | S11: 2015 | T11: 2016 | U11: 2017 | V11: 2018 | W11: 2019 | X11: 2020 | Y11: 2021 | Z11: 2010 | AA11: 2011 | AB11: 2012 | AC11: 2013 | AD11: 2014 | AE11: 2015 | AF11: 2016 | AG11: 2017 | AH11: 2018 | AI11: 2019 | AJ11: 2020 | AK11: 2021 | AL11: 2010 | AM11: 2011 | AN11: 2012 | AO11: 2013 | AP11: 2014 | AQ11: 2015 | AR11: 2016 | AS11: 2017 | AT11: 2018 | AU11: 2019 | AV11: 2020 | AW11: 2021 | AX11: 2010 | AY11: 2011 | AZ11: 2012 | BA11: 2013 | BB11: 2014 | BC11: 2015 | BD11: 2016 | BE11: 2017 | BF11: 2018 | BG11: 2019 | BH11: 2020 | BI11: 2021 | BJ11: 2010 | BK11: 2011 | BL11: 2012 | BM11: 2013 | BN11: 2014 | BO11: 2015 | BP11: 2016 | BQ11: 2017 | BR11: 2018 | BS11: 2019 | BT11: 2020 | BU11: 2021
A12: Canada 8 | C12: Dollars
B13: Total expenditure | C13: 72075 | D13: 73646 | E13: 75695 | F13: 79098 | G13: 80727 | H13: 82697 | I13: 84489 | J13: 86479 | K13: 93724 | L13: 92500 | N13: 29151 | O13: 29214 | P13: 30028 | Q13: 31410 | R13: 31974 | S13: 33705 | T13: 32566 | U13: 35113 | V13: .. | W13: 37534 | X13: .. | Y13: 38443 | Z13: 43247 | AA13: 45235 | AB13: 43850 | AC13: 47965 | AD13: 47295 | AE13: 49750 | AF13: 49771 | AG13: 53000 | AH13: .. | AI13: 55487 | AJ13: .. | AK13: 54569 | AL13: 61674 | AM13: 63032 | AN13: 63756 | AO13: 66546 | AP13: 67829 | AQ13: 68893 | AR13: 72770 | AS13: 73637 | AT13: .. | AU13: 79357 | AV13: .. | AW13: 77612 | AX13: 83109 | AY13: 86821 | AZ13: 88186 | BA13: 92886 | BB13: 94726 | BC13: 96493 | BD13: 98026 | BE13: 100560 | BF13: .. | BG13: 110542 | BH13: .. | BI13: 109108 | BJ13: 142898 | BK13: 143908 | BL13: 152452 | BM13: 156323 | BN13: 161771 | BO13: 164599 | BP13: 169247 | BQ13: 170010 | BR13: .. | BS13: 185422 | BT13: .. | BU13: 182410
B14: Total current consumption | C14: 54013 | D14: 55227 | E14: 56330 | F14: 58576 | G14: 59055 | H14: 60516 | I14: 62183 | J14: 63944 | K14: 68980 | L14: 67126 | N14: 27715 | O14: 27696 | P14: 28595 | Q14: 29824 | R14: 30341 | S14: 31887 | T14: 30985 | U14: 33285 | V14: .. | W14: 35512 | X14: .. | Y14: 36376 | Z14: 38413 | AA14: 40119 | AB14: 38809 | AC14: 42105 | AD14: 41069 | AE14: 43308 | AF14: 43218 | AG14: 46094 | AH14: .. | AI14: 47960 | AJ14: .. | AK14: 47073 | AL14: 50638 | AM14: 51801 | AN14: 51983 | AO14: 53988 | AP14: 54335 | AQ14: 55251 | AR14: 58460 | AS14: 59678 | AT14: .. | AU14: 63713 | AV14: .. | AW14: 61785 | AX14: 63114 | AY14: 65516 | AZ14: 66462 | BA14: 69165 | BB14: 70383 | BC14: 71212 | BD14: 72916 | BE14: 73954 | BF14: .. | BG14: 81731 | BH14: .. | BI14: 80332 | BJ14: 89942 | BK14: 91016 | BL14: 95622 | BM14: 97483 | BN14: 99138 | BO14: 100902 | BP14: 105288 | BQ14: 106656 | BR14: .. | BS14: 115757 | BT14: .. | BU14: 109752
A15: Shelter share of crrent | C15: ='1110022301-noSymbol (3)'!C17/'1110022301-noSymbol (3)'!C14 -> 0.2780812 | D15: ='1110022301-noSymbol (3)'!D17/'1110022301-noSymbol (3)'!D14 -> 0.2754993 | E15: ='1110022301-noSymbol (3)'!E17/'1110022301-noSymbol (3)'!E14 -> 0.28061424 | F15: ='1110022301-noSymbol (3)'!F17/'1110022301-noSymbol (3)'!F14 -> 0.27931235 | G15: ='1110022301-noSymbol (3)'!G17/'1110022301-noSymbol (3)'!G14 -> 0.29057658 | H15: ='1110022301-noSymbol (3)'!H17/'1110022301-noSymbol (3)'!H14 -> 0.28932844 | I15: ='1110022301-noSymbol (3)'!I17/'1110022301-noSymbol (3)'!I14 -> 0.28998279 | J15: ='1110022301-noSymbol (3)'!J17/'1110022301-noSymbol (3)'!J14 -> 0.29150507 | K15: ='1110022301-noSymbol (3)'!L17/'1110022301-noSymbol (3)'!L14 -> 0.2928385 | L15: ='1110022301-noSymbol (3)'!N17/'1110022301-noSymbol (3)'!N14 -> 0.31442362 | N15: ='1110022301-noSymbol (3)'!O17/'1110022301-noSymbol (3)'!O14 -> 0.33278008 | O15: ='1110022301-noSymbol (3)'!P17/'1110022301-noSymbol (3)'!P14 -> 0.33167244 | P15: ='1110022301-noSymbol (3)'!Q17/'1110022301-noSymbol (3)'!Q14 -> 0.34002448 | Q15: ='1110022301-noSymbol (3)'!R17/'1110022301-noSymbol (3)'!R14 -> 0.31970896 | R15: ='1110022301-noSymbol (3)'!S17/'1110022301-noSymbol (3)'!S14 -> 0.34553904 | S15: ='1110022301-noSymbol (3)'!T17/'1110022301-noSymbol (3)'!T14 -> 0.34007589 | T15: ='1110022301-noSymbol (3)'!U17/'1110022301-noSymbol (3)'!U14 -> 0.35100855 | U15: ='1110022301-noSymbol (3)'!V17/'1110022301-noSymbol (3)'!V14 -> 0.35024786 | ... BU15: ='1110022301-noSymbol (3)'!BV17/'1110022301-noSymbol (3)'!BV14 -> 0.30402179
A16: Shelter sharre of tot exp | C16: ='1110022301-noSymbol (3)'!C17/'1110022301-noSymbol (3)'!C13 -> 0.20839403 | D16: ='1110022301-noSymbol (3)'!D17/'1110022301-noSymbol (3)'!D13 -> 0.20659642 | E16: ='1110022301-noSymbol (3)'!E17/'1110022301-noSymbol (3)'!E13 -> 0.20882489 | F16: ='1110022301-noSymbol (3)'!F17/'1110022301-noSymbol (3)'!F13 -> 0.20684467 | G16: ='1110022301-noSymbol (3)'!G17/'1110022301-noSymbol (3)'!G13 -> 0.21256829 | H16: ='1110022301-noSymbol (3)'!H17/'1110022301-noSymbol (3)'!H13 -> 0.21172473 | I16: ='1110022301-noSymbol (3)'!I17/'1110022301-noSymbol (3)'!I13 -> 0.21342423 | J16: ='1110022301-noSymbol (3)'!J17/'1110022301-noSymbol (3)'!J13 -> 0.21554366 | K16: ='1110022301-noSymbol (3)'!L17/'1110022301-noSymbol (3)'!L13 -> 0.21552644 | L16: ='1110022301-noSymbol (3)'!N17/'1110022301-noSymbol (3)'!N13 -> 0.22817297 | N16: ='1110022301-noSymbol (3)'!O17/'1110022301-noSymbol (3)'!O13 -> 0.31638709 | O16: ='1110022301-noSymbol (3)'!P17/'1110022301-noSymbol (3)'!P13 -> 0.31443828 | P16: ='1110022301-noSymbol (3)'!Q17/'1110022301-noSymbol (3)'!Q13 -> 0.32379779 | Q16: ='1110022301-noSymbol (3)'!R17/'1110022301-noSymbol (3)'!R13 -> 0.30356574 | R16: ='1110022301-noSymbol (3)'!S17/'1110022301-noSymbol (3)'!S13 -> 0.32789141 | S16: ='1110022301-noSymbol (3)'!T17/'1110022301-noSymbol (3)'!T13 -> 0.32173268 | T16: ='1110022301-noSymbol (3)'!U17/'1110022301-noSymbol (3)'!U13 -> 0.33396794 | U16: ='1110022301-noSymbol (3)'!V17/'1110022301-noSymbol (3)'!V13 -> 0.33201378 | ... BU16: ='1110022301-noSymbol (3)'!BV17/'1110022301-noSymbol (3)'!BV13 -> 0.18292309
C19: 2010 | D19: 2011 | E19: 2012 | F19: 2013 | G19: 2014 | H19: 2015 | I19: 2016 | J19: 2017 | K19: 2019 | L19: 2021
A20: Shelter share of crrent | B20: Total | C20: 0.2780812 | D20: 0.2754993 | E20: 0.28061424 | F20: 0.27931235 | G20: 0.29057658 | H20: 0.28932844 | I20: 0.28998279 | J20: 0.29150507 | K20: 0.2928385 | L20: 0.31442362
B21: Low | C21: 0.33278008 | D21: 0.33167244 | E21: 0.34002448 | F21: 0.31970896 | G21: 0.34553904 | H21: 0.34007589 | I21: 0.35100855 | J21: 0.35024786 | K21: 0.34053278 | L21: 0.34962613
B22: 2nd | C22: 0.29292167 | D22: 0.28861637 | E22: 0.30188874 | F22: 0.29818311 | G22: 0.30446322 | H22: 0.31377575 | I22: 0.30714054 | J22: 0.31496507 | K22: 0.30200167 | L22: 0.3188452
B23: 3rd | C23: 0.28377898 | D23: 0.27350823 | E23: 0.27841794 | F23: 0.27452397 | G23: 0.28313242 | H23: 0.29418472 | I23: 0.28279165 | J23: 0.28392372 | K23: 0.29000361 | L23: 0.311451
B24: 4th | C24: 0.26902114 | D24: 0.26749191 | E24: 0.27566128 | F24: 0.27492229 | G24: 0.28252561 | H24: 0.28068303 | I24: 0.28355916 | J24: 0.28558293 | K24: 0.28037097 | L24: 0.31344919
B25: High | C25: 0.25862222 | D25: 0.25941593 | E25: 0.25935454 | F25: 0.26533857 | G25: 0.2777845 | H25: 0.26623853 | I25: 0.27349745 | J25: 0.27149902 | K25: 0.28519226 | L25: 0.30402179
A32: Shelter sharre of tot exp | B32: Total | C32: 0.20839403 | D32: 0.20659642 | E32: 0.20882489 | F32: 0.20684467 | G32: 0.21256829 | H32: 0.21172473 | I32: 0.21342423 | J32: 0.21554366 | K32: 0.21552644 | L32: 0.22817297
B33: Low | C33: 0.31638709 | D33: 0.31443828 | E33: 0.32379779 | F33: 0.30356574 | G33: 0.32789141 | H33: 0.32173268 | I33: 0.33396794 | J33: 0.33201378 | K33: 0.32218788 | L33: 0.33082746
B34: 2nd | C34: 0.2601799 | D34: 0.25597436 | E34: 0.26718358 | F34: 0.26175336 | G34: 0.26438313 | H34: 0.27314573 | I34: 0.26670149 | J34: 0.27392453 | K34: 0.26103412 | L34: 0.27504627
B35: 3rd | C35: 0.23299932 | D35: 0.22477472 | E35: 0.22700609 | F35: 0.22271812 | G35: 0.22680564 | H35: 0.23593108 | I35: 0.22718153 | J35: 0.23010172 | K35: 0.2328339 | L35: 0.24793846
B36: 4th | C36: 0.20429797 | D36: 0.20185209 | E36: 0.20775407 | F36: 0.2047133 | G36: 0.20992125 | H36: 0.20714456 | I36: 0.21092363 | J36: 0.21002387 | K36: 0.20729677 | L36: 0.23078051
B37: High | C37: 0.16278044 | D37: 0.1640701 | E37: 0.16267415 | F37: 0.16546509 | G37: 0.17023447 | H37: 0.16320877 | I37: 0.17014186 | J37: 0.17032527 | K37: 0.17804252 | L37: 0.18292309

Sheet Sheet2
